 Dungeon Crawl Stone Soup version 0.32-a0-818-gb728d0252e (webtiles) character file.

Game seed: 11314551778981492947

1226 runemasterragnar the Shooter (level 8, -5/61 HPs)
             Began as a Coglin Hunter on Mar 24, 2024.
             Slain by an orc warrior
             ... wielding a +3 halberd
              (9 damage)
             ... on level 4 of the Dungeon.
             The game lasted 00:05:27 (4353 turns).

runemasterragnar the Shooter (Coglin Hunter)        Turns: 4353, Time: 00:05:28

Health: -5/61      AC:  5    Str: 11    XL:     8   Next: 47%
Magic:  8/8        EV: 13    Int:  9    God:
Gold:   250        SH:  0    Dex: 20    Spells: 7/7 levels left

rFire   . . .        a - +2 sling {Dusana}
rCold   . . .        d - +0 sling {Kannika}
rNeg    . . .        c - +0 leather armour
rPois   .            f - +1 helmet
rElec   .            (no cloak)
rCorr   .            (no gloves)
SInv    .            (no boots)
Will    .....        (amulet unavailable)
Stlth   +++          (ring unavailable)
HPRegen 0.30/turn    (ring unavailable)
MPRegen 0.11/turn    (no gizmo)

%: no passive effects
@: mighty, brilliant, about to teleport, attractive, revving
A: off-hand wielding, slow wielding, warmup strikes, no jewellery
a: Invent Gizmo


You were on level 4 of the Dungeon.
You visited 1 branch of the dungeon, and saw 6 of its levels.

You collected 250 gold pieces.

Inventory:

Hand Weapons
 a - a +2 sling (weapon) {Dusana}
 d - a +0 sling (offhand) {Kannika}
Missiles
 j - a throwing net
Armour
 c - a +0 leather armour (worn)
 f - a +1 helmet (worn)
Wands
 b - a wand of flame (17)
Scrolls
 e - a scroll of immolation
 n - a scroll of teleportation
Potions
 i - a potion of lignification {unknown}
 k - 2 potions of enlightenment
 o - 3 potions of resistance
 q - a potion of brilliance


   Skills:
 + Level 4.7 Fighting
 * Level 6.8 Ranged Weapons
 + Level 4.4 Dodging
 + Level 3.9 Stealth
 + Level 0.3 Evocations


You had 7 spell levels left.
You didn't know any spells.
Your spell library contained the following spells:

 Spells                   Type           Power      Damage    Failure   Level
 Freeze                   Ice            0%         1d3       47%         1
 Call Canine Familiar     Summ           0%         N/A       85%         3
 Frozen Ramparts          Ice            0%         1d1       85%         3
 Hailstorm                Conj/Ice       0%         3d5       85%         3
 Sigil of Binding         Hex            0%         N/A       85%         3
 Summon Ice Beast         Ice/Summ       0%         N/A       85%         3
 Dimensional Bullseye     Hex/Tloc       0%         N/A       99%         4
 Permafrost Eruption      Ice/Erth       0%         2x4d2     100%        6
 Sculpt Simulacrum        Ice/Alch       0%         N/A       100%        6


Dungeon Overview and Level Annotations

Branches:
Dungeon (6/15)
 Temple: D:4-7

Altars:
Ashenzari
Kikubaaqudgha
Yredelemnul
The Shining One

Annotations:
D:4 1 runed translucent door, Crazy Yiuf


Innate Abilities, Weirdness & Mutations

You can wield a second weapon in your off-hand.
It takes a long time for you to wield or remove held weapons.
Your first few attacks do less damage.
You cannot equip rings or amulets.


Message History

The poisoned dart completely misses you.
The orc warrior is attracted toward you.
The orc warrior attacks as it pursues you!
The orc warrior unwields a +0 arbalest.
The orc warrior wields a +3 halberd.
The orc warrior barely misses you.
The orc warrior hits you from afar with a +3 halberd!
The orc warrior is attracted toward you.
Aiming: Throw Flame
Press: ? - help, Shift-Dir - straight line, f - kobold
Aim: a kobold, wielding a +0 club and quivering poisoned darts (60% to hit)
The puff of flame hits the orc warrior but does no damage.
The orc warrior is lightly wounded.
The orc warrior closely misses you.
Unknown command.
Okay, then.
As you read the scroll of teleportation, it crumbles to dust.
You feel strangely unstable.
The orc warrior hits you with a +3 halberd.
You shoot a sling bullet. The sling bullet hits the orc warrior.
The orc warrior is lightly wounded.
You shoot a sling bullet.
The sling bullet closely misses the orc warrior.
The sling bullet hits the kobold but does no damage.
The orc warrior hits you with a +3 halberd!!
* * * LOW HITPOINT WARNING * * *
An orc comes into view. It is wielding a +0 mace.
The orc is attracted toward you.
It was a potion of might.
You feel very mighty all of a sudden.
The orc warrior hits you with a +3 halberd!
* * * LOW HITPOINT WARNING * * *
Unknown command.
You shoot a sling bullet.
The sling bullet hits the orc warrior but does no damage.
The orc warrior is lightly wounded.
You shoot a sling bullet.
The sling bullet barely misses the orc warrior.
The sling bullet hits the kobold but does no damage.
The orc warrior hits you with a +3 halberd!
You die...

#.....ß.ß..######.# #
#.##.........†...#
#############.##.......######.#
......).......##.#..##.#
.###############...###.# .#
#.### #.# .# #.# ... .# #.#
##... .# #@##...=. .#
#######o#....... .###
.......K........ ....
#####..o..##...# ####)..
####...§....?.# .......
..........##### ####
######....# ## ##.§.# .# #...#


You could see an orc warrior, an orc and a kobold.

Vanquished Creatures
  Grinder (D:4)
  A sky beast (D:6)
  A phantom (D:6)
  2 bullfrogs
  A burial acolyte (D:5)
  2 howler monkeys
  2 bombardier beetles (D:5)
  2 orc priests (D:6)
  3 jellies
  A gnoll bouda (D:4)
  3 iguanas
  15 gnolls
  7 adders
  A white imp (D:6)
  An adder zombie (D:5)
  A ribbon worm (D:3)
  3 orcs
  6 ball pythons
  4 endoplasms
  3 giant cockroaches
  11 hobgoblins
  4 jackals
  7 kobolds
  3 quokkas
  4 bats (D:2)
  2 frilled lizards (D:3)
  5 goblins
  2 jackal zombies (D:5)
  3 rats
101 creatures vanquished.

Notes
Turn   | Place    | Note
-------+----------+-------------------------------------------
     0 | D:1      | runemasterragnar the Coglin Hunter began the quest for the
                  | Orb.
     0 | D:1      | Reached XP level 1. HP: 16/16 MP: 1/1
   344 | D:1      | Reached skill level 1 in Stealth
   345 | D:1      | Reached XP level 2. HP: 20/22 MP: 2/2
   717 | D:2      | Reached skill level 4 in Ranged Weapons
   717 | D:2      | Reached XP level 3. HP: 28/28 MP: 3/3
   758 | D:2      | Reached XP level 4. HP: 34/34 MP: 4/4
  1340 | D:2      | Reached XP level 5. HP: 40/40 MP: 5/5
  2040 | D:3      | Reached XP level 6. HP: 47/47 MP: 6/6
  2095 | D:4      | Reached skill level 5 in Ranged Weapons
  2362 | D:4      | Found a runed translucent door.
  2363 | D:4      | Noticed Crazy Yiuf
  2453 | D:4      | Noticed an orc warrior
  2792 | D:5      | Entered Level 5 of the Dungeon
  2839 | D:5      | Found an ancient bone altar of Kikubaaqudgha.
  2913 | D:5      | Reached XP level 7. HP: 49/52 MP: 7/7
  3168 | D:5      | Found a basalt altar of Yredelemnul.
  3305 | D:5      | Found a broken altar of Ashenzari.
  3745 | D:6      | Found a glowing golden altar of the Shining One.
  3792 | D:6      | Reached skill level 6 in Ranged Weapons
  3869 | D:6      | Reached XP level 8. HP: 47/60 MP: 8/8
  4241 | D:4      | Noticed Grinder
  4250 | D:4      | Killed Grinder
  4353 | D:4      | Slain by an orc warrior

Illustrated notes

Levels and vault maps discovered:
D:1:      psy_arrival_wood_between_worlds, layout_basic
D:2:      minmay_skewed_foursquare, layout_basic
D:3:      layout_loops_ring
D:4:      layout_loops_ring, chequers_serial_rivers_micro_a, st_stairs_14,
          hangedman_decor_lopped, uniq_duvessa, uniq_crazy_yiuf_cottage,
          uniq_grinder
D:5:      layout_rooms, mainiacjoe_overflow_brackets,
          lemuel_zombie_altar_kikubaaqudgha, nicolae_kite_square_tiling_tiny,
          kennysheep_diamond
D:6:      layout_layer_cave, tso_oasis_becter, minmay_temple_entry_junction,
          serial_rivers, chequers_serial_rivers_micro_e,
          chequers_serial_rivers_micro_b, chequers_serial_rivers_micro_d,
          chequers_serial_rivers_large_b, grunt_ministairs_11,
          hangedman_abyss_or_decor_slice, minmay_manual_monstrance

Skill      XL: |  1  2  3  4  5  6  7 |
---------------+----------------------+-----
Stealth        | 1 2 3 |  3.9
Dodging        | 2 3 4 |  4.4
Ranged Weapons | 4 5 6 |  6.8
Fighting       | 3 4 |  4.7
Evocations     | |  0.3

Action                     |  1- 3 |  4- 6 |  7- 9 || total
---------------------------+-------+-------+-------++-------
   Fire: Sling             |    70 |   350 |   174 ||   594
  Evoke: Wand              |       |       |     7 ||     7
    Use: Scroll            |       |     4 |     8 ||    12
         Potion            |       |       |     5 ||     5
 Armour: Leather armour    |     6 |    39 |    33 ||    78
  Dodge: Dodged            |     4 |    51 |    25 ||    80

Table legend: (Time is in decaauts)
 A = Elapsed time spent in this place.
 B = Non-inter-level travel time spent in this place.
 C = Inter-level travel time spent in this place.
 D = Time resting spent in this place.
 E = Time spent auto-exploring this place.
 F = Levels seen in this place.
 G = Mean time per level.
                   A        B        C        D        E       F      G
               +--------+--------+--------+--------+--------+-----+--------+
         Total |   4440 |   4286 |    154 |    596 |   2992 |   6 |  740.0 |
       Dungeon |   4440 |   4286 |    154 |    596 |   2992 |   6 |  740.0 |
               +--------+--------+--------+--------+--------+-----+--------+

Top non-repeatable levels by time:
     D:4: 928 daAuts
     D:5: 740 daAuts
     D:1: 698 daAuts
     D:6: 696 daAuts
     D:2: 690 daAuts
     D:3: 687 daAuts
